 Dungeon Crawl Stone Soup version 0.26.0-16-gc1dbca0489 (webtiles) character file.

Game seed: 16667278183598308281

211 thiole the Sneak (level 5, -6/34 HPs)
             Began as an Octopode Hedge Wizard on Jan 19, 2021.
             Was an Initiate of Gozag.
             Mangled by Duvessa
             ... wielding a +0 rapier
              (9 damage)
             ... on level 4 of the Dungeon.
             The game lasted 00:07:54 (4068 turns).

thiole the Sneak (Octopode Hedge Wizard)            Turns: 4068, Time: 00:07:55

Health: -6/34      AC:  5    Str:  9    XL:     5   Next: 88%
Magic:  6/10       EV: 11    Int: 18    God:    Gozag
Gold:   149        SH:  7    Dex: 11    Spells: 7/11 levels left

rFire    + . .     SeeInvis +   f - +2 short sword (vamp)
rCold    + . .     Faith    .   h - +0 kite shield
rNeg     . . .     Spirit   .   b - +0 hat
rPois    +         Reflect  .   (no amulet)
rElec    +         Harm     .   i - ring of see invisible
rCorr    +         Rampage  .   (no ring)
Will     .....                  (no ring)
Stlth    +++.......             (no ring)
HPRegen  0.11/turn              (no ring)
MPRegen  0.12/turn              (no ring)
                                (no ring)
                                (no ring)

@: resistant, gold aura
A: almost no armour, stealthy swim, amphibious, 8 rings, constrict 8, slimy
green scales 1, yellow scales 1, camouflage 1, gelatinous body 1, subdued magic
1
a: Renounce Religion, Potion Petition, Call Merchant, Bribe Branch


You were on level 4 of the Dungeon.
You worshipped Gozag.
Gozag was aware of your devotion.
You visited 1 branch of the dungeon, and saw 4 of its levels.

You collected 202 gold pieces.
You paid 53 gold pieces to Gozag.

Inventory:

Hand Weapons
 a - a +0 dagger
 c - a +1 vorpal spear
 f - a +2 vampiric short sword (weapon)
 p - a +0 dagger of venom
Armour
 b - a +0 hat (worn)
 h - a +0 kite shield (worn)
Jewellery
 i - a ring of see invisible (left tentacle)
Scrolls
 d - 2 scrolls of remove curse
 j - 4 scrolls of enchant weapon
 n - 2 scrolls of identify
Potions
 l - a potion of brilliance {unknown}
 o - a potion of curing {unknown}


   Skills:
 + Level 1.9 Fighting
 - Level 2.0 Dodging
 + Level 4.3 Stealth
 * Level 2.6 Shields
 + Level 3.5 Spellcasting
 - Level 2.0 Conjurations
 - Level 2.0 Summonings
 - Level 1.0 Translocations


You had 7 spell levels left.
You knew the following spells:

 Your Spells              Type           Power        Failure   Level
a - Magic Dart            Conj           32%          28%         1
b - Mephitic Cloud        Conj/Pois/Air  4%           83%         3

Your spell library contained the following spells:

 Spells                   Type           Power        Failure   Level
 Call Imp                 Summ           8%           41%         2
 Blink                    Tloc           N/A          54%         2
 Slow                     Hex            2%           71%         2
 Conjure Flame            Conj/Fire      5%           80%         3


Dungeon Overview and Level Annotations

Branches:
Dungeon (4/15)
 Temple: D:4-7

Altars:
Fedhas
Gozag
Zin

Annotations:
D:4 Duvessa


Innate Abilities, Weirdness & Mutations

You cannot wear most types of armour.
You are very stealthy in the water. (Stealth+)
You are amphibious.
You can wear up to eight rings at the same time.
You can use your tentacles to constrict eight enemies at once.
Your skin changes colour to match your surroundings (Stealth+).
Your rubbery body absorbs attacks. (AC +1, EV +1)
You are partially covered in slimy green scales. (AC +2)
You are partially covered in yellow scales. (AC +2)
Your spells are a little easier to cast, but a little less powerful.


Message History

You block Dowan's attack.
Duvessa zaps a wand.
You resist with some effort.
You hit Dowan but do no damage.
Dowan is severely wounded.
You constrict Dowan. Dowan completely misses you.
Duvessa zaps a wand.
You resist with some effort.
You hit Dowan but do no damage.
Dowan is severely wounded.
You constrict Dowan. Dowan hits you but does no damage.
Duvessa hits you with a +0 rapier!
You hit Dowan.
You kill Dowan!
Duvessa screams, "No!
How DARE you!"
Duvessa goes berserk!
Duvessa hits you with a +0 rapier!
* * * LOW HITPOINT WARNING * * *
Duvessa completely misses you.
It was a potion of resistance.
You feel protected. Duvessa hits you with a +0 rapier!
You die...
Your body crumbles into a pile of gold.

#.......#
#.##.......#
#.##.......# #.
..##....#### ##.
..##....#### #..
##.##...Oh..# #..
###..##....hh.#
#..##
#...$##.......#
#...## #@#####....#
#.#..## ##e# #!=..#
#.....### ##..#
######
#$......####..#####
#...................
########.#..........
#............
##...........
............


You could see Duvessa (berserk).

Vanquished Creatures
  Dowan (D:4)
  An orc wizard (D:3)
  6 adders
  2 oozes
  4 leopard geckos
  9 orcs (D:3)
  A ball python (D:1)
  4 bats
  3 giant cockroaches
  4 goblins
  6 hobgoblins
  2 jackals (D:2)
  A quokka (D:4)
  5 frilled lizards
  8 kobolds
  7 rats
64 creatures vanquished.

Notes
Turn   | Place    | Note
-------+----------+-------------------------------------------
     0 | D:1      | thiole the Octopode Hedge Wizard began the quest for the
                  | Orb.
     0 | D:1      | Reached XP level 1. HP: 11/11 MP: 4/4
   397 | D:1      | Reached XP level 2. HP: 17/17 MP: 4/6
   621 | D:1      | Reached skill level 3 in Stealth
  1250 | D:2      | Reached XP level 3. HP: 22/22 MP: 1/7
  1372 | D:2      | Found a glowing silver altar of Zin.
  1434 | D:2      | Reached skill level 1 in Shields
  1469 | D:2      | Gained mutation: You are partially covered in slimy green
                  | scales. (AC +2) [potion of mutation]
  1469 | D:2      | Gained mutation: Your spells are a little easier to cast,
                  | but a little less powerful. [potion of mutation]
  1469 | D:2      | Gained mutation: You are partially covered in yellow
                  | scales. (AC +2) [potion of mutation]
  1798 | D:2      | Reached skill level 1 in Fighting
  1845 | D:2      | Reached XP level 4. HP: 26/28 MP: 0/8
  2478 | D:2      | Learned a level 3 spell: Mephitic Cloud
  2638 | D:3      | Reached XP level 5. HP: 33/33 MP: 5/10
  3335 | D:3      | Found a blossoming altar of Fedhas.
  3335 | D:3      | Found an opulent altar of Gozag.
  3339 | D:3      | Became a worshipper of Gozag Ym Sagoz the Greedy
  3672 | D:3      | Reached skill level 4 in Stealth
  3981 | D:4      | Noticed an ogre
  4036 | D:4      | Noticed Duvessa
  4036 | D:4      | Noticed Dowan
  4067 | D:4      | Killed Dowan
  4068 | D:4      | Mangled by Duvessa

Illustrated notes

Levels and vault maps discovered:
D:1:      wander_arrival_abandoned_jail, layout_rooms
D:2:      layout_loops_cross, lemuel_crystal_altar, minmay_misc_feat_x
D:3:      layout_basic, gammafunk_temple_overflow_wave, serial_corexii_hall,
          corexii_hall_statues_x, corexii_hall_statues_i
D:4:      layout_basic, gammafunk_temple_overflow_claw, temple_doors_e,
          gammafunk_ghost_grave, portal_sewer_entry_e, vehumet_altar_wand_db,
          uniq_duvessa

Skill      XL: |  1  2  3  4  5 |
---------------+----------------+-----
Stealth        | 3 4 |  4.3
Shields        | 1 2 |  2.6
Fighting       | 1 |  1.9
Conjurations   | 2 |  2.0
Summonings     | 2 |  2.0
Dodging        | |  2.0
Spellcasting   | |  3.5
Translocations | |  1.0

Action                   |  1- 3 |  4- 6 || total
-------------------------+-------+-------++-------
Melee: Dagger            |     7 |       ||     7
       Constrict         |     9 |    17 ||    26
       Tentacles         |     3 |    14 ||    17
       Short sword       |    29 |    88 ||   117
 Cast: Magic Dart        |    50 |    34 ||    84
  Use: Scroll            |     2 |     4 ||     6
       Potion            |     3 |     1 ||     4
Armor: Skin              |     6 |    35 ||    41
Dodge: Dodged            |    13 |    42 ||    55
Block: Kite shield       |    16 |    47 ||    63
